 Dungeon Crawl Stone Soup version 0.22-a0-469-gf26638a71f (webtiles) character file.

1269 Kriby the Chopper (level 8, -4/62 HPs)
             Began as a Human Abyssal Knight on June 11, 2018.
             Was a Believer of Lugonu.
             Shot with a sling bullet by Joseph (14 damage)
             ... on level 7 of the Dungeon.
             The game lasted 00:07:56 (8468 turns).

Kriby the Chopper (Human Abyssal Knight)            Turns: 8468, Time: 00:07:57

Health: -4/62      AC:  6    Str: 13 (14) XL:     8   Next: 82%
Magic:  20/20      EV:  6    Int: 12      God:    Lugonu [**....]
Gold:   351        SH: 12    Dex: 14      Spells: 7/7 levels left

rFire    . . .     SeeInvis .   t - +1 rapier (venom)
rCold    . . .     Gourm    .   i - +2 large shield
rNeg     . . .     Faith    .   b - +0 leather armour
rPois    .         Spirit   .   (helmet restricted)
rElec    .         Reflect  .   (no cloak)
rCorr    .         Harm     .   x - +0 pair of gloves
MR       ++...                  q - +0 pair of boots
Stlth    +.........             (no amulet)
HPRegen  0.20/turn              f - ring of magical power
MPRegen  0.17/turn              m - ring of protection from magic

@: no status effects
A: beak, hooves 1, magic resistance 1, no potion heal 1
a: Depart the Abyss, Bend Space, Renounce Religion


You were on level 7 of the Dungeon.
You worshipped Lugonu.
Lugonu was pleased with you.
You were near starving.

You visited 1 branch of the dungeon, and saw 7 of its levels.
You visited the Abyss 1 time.

You collected 351 gold pieces.

Inventory:

Hand Weapons
 a - a +1 hand axe
 n - a +2 dagger of venom
 t - a +1 rapier of venom (weapon)
 w - a +0 war axe
Armour
 b - a +0 leather armour (worn)
 i - a +2 large shield (worn)
 j - a +0 chain mail
 q - a +0 pair of boots (worn)
 r - a cursed +0 helmet
 x - a +0 pair of gloves (worn)
Jewellery
 f - a ring of magical power (left hand)
 h - an uncursed ring of poison resistance {unknown}
 m - a ring of protection from magic (right hand)
 v - a +4 ring of evasion {unknown}
Scrolls
 d - a scroll of amnesia
 e - 7 scrolls of identify {@r1}
 k - 3 scrolls of magic mapping
 o - a scroll of enchant weapon
 p - 3 scrolls of teleportation {@r3}
 s - a scroll of fear {unknown}
 u - a scroll of remove curse {@r2}
 y - a scroll of holy word {unknown}
Potions
 g - a potion of flight
 l - a potion of might {@q4}
Comestibles
 c - 12 rations {@e1}


   Skills:
 + Level 5.3 Fighting
 * Level 6.6 Axes
 + Level 4.8 Armour
 - Level 1.0 Dodging
 + Level 5.2 Invocations


You had 7 spell levels left.
You didn't know any spells.
Your spell library was empty.

Dungeon Overview and Level Annotations

Branches:
Dungeon (7/15)             Temple (0/1) D:6

Altars:
Ashenzari
Dithmenos
Nemelex Xobeh
Okawaru
Trog
Uskayaw
Wu Jian

Shops:
D:6 [}%%*

Annotations:
D:7 Joseph


Innate Abilities, Weirdness & Mutations

You have a beak for a mouth.
You have large cloven feet.
You are resistant to hostile enchantments. (MR+)
Potions are less effective at restoring your health.


Message History

You block the orc wizard's attack.
The orc shouts!
You hit Joseph but do no damage.
Joseph looks as sick as possible!
Joseph is moderately wounded.
Joseph hits you with an uncursed quarterstaff of crushing!
* * * LOW HITPOINT WARNING * * *
x2 You block the orc wizard's attack.
Joseph unwields an uncursed quarterstaff of crushing.
Joseph wields an uncursed hunting sling.
Joseph shoots a sling bullet.
The sling bullet hits you.
* * * LOW HITPOINT WARNING * * *
You see here a sling bullet.
You aren't carrying any items that you can evoke.
You barely miss the orc wizard. Your peck misses the orc wizard.
Joseph shoots a sling bullet.
The sling bullet barely misses you.
The orc wizard gestures wildly while chanting.
The orc wizard flickers and vanishes!
Deactivating autopickup; reactivate with Ctrl-A.
Joseph shoots a sling bullet.
The sling bullet hits you!
You die...

##........###
#...........#########
##...####............##
##...## #.............##
##...## #..............##
#...## ##...(............
....# #.....(...........
....# #.......(..........
....##.....#####@({.....$..
........... #...........
........... #...@.......
#.......... #...)o.......
##.......
#......o.....######
###.....
#...###............ .....
#...# #........#o. ...
##... #....... #.. . ##.
#......###.#


You could see Joseph, an orc priest and an orc.

Vanquished Creatures
  Eustachio (D:4)
  A water moccasin (D:5)
  An ice beast (D:6)
  A sky beast (D:6)
  An ogre (D:6)
  2 bullfrogs
  2 scorpions
  A howler monkey (D:4)
  3 crimson imps
  2 hounds
  A bullfrog skeleton (D:5)
  An iguana (D:5)
  A hound skeleton (D:4)
  2 worker ant zombies
  A howler monkey zombie (D:6)
  6 gnolls
  5 adders
  A howler monkey skeleton (D:5)
  An ooze (D:1)
  An adder zombie (D:6)
  6 worms
  4 dart slugs
  6 leopard geckos
  4 orcs
  4 giant cockroaches
  10 goblins
  4 hobgoblins
  14 jackals
  5 bats
  5 frilled lizards
  8 kobolds
  A quokka skeleton (D:4)
  6 rats
112 creatures vanquished.

Notes
Turn   | Place    | Note
-------+----------+-------------------------------------------
     0 | Abyss:1  | Kriby the Human Abyssal Knight began the quest for the Orb.
     0 | Abyss:1  | Reached XP level 1. HP: 18/18 MP: 2/2
    27 | Abyss:1  | Noticed a small abomination
    29 | Abyss:1  | Noticed a large abomination
    46 | Abyss:1  | Noticed a fire bat
    48 | D:1      | Escaped the Abyss
   451 | D:1      | Reached XP level 2. HP: 16/24 MP: 3/3
   455 | D:1      | Reached * piety under Lugonu
   705 | D:1      | Reached XP level 3. HP: 18/29 MP: 4/4
  2113 | D:1      | Reached skill level 3 in Axes
  2113 | D:1      | Reached XP level 4. HP: 25/35 MP: 5/5
  3087 | D:2      | Found an ornate altar of the Wu Jian Council.
  3288 | D:2      | Reached XP level 5. HP: 35/41 MP: 7/7
  3946 | D:3      | Found an iron altar of Okawaru.
  3948 | D:3      | Reached ** piety under Lugonu
  3955 | D:3      | Found a hide-covered altar of Uskayaw.
  4222 | D:3      | Found a sparkling altar of Nemelex Xobeh.
  4685 | D:3      | Noticed a two-headed ogre
  5112 | D:4      | Noticed Eustachio
  5130 | D:4      | Killed Eustachio
  5130 | D:4      | Reached skill level 4 in Axes
  5130 | D:4      | Reached XP level 6. HP: 8/48 MP: 8/8
  5405 | D:4      | Reached XP level 7. HP: 50/54 MP: 9/9
  5740 | D:4      | Found a bloodstained altar of Trog.
  5764 | D:4      | Identified the cursed +2 dagger of Greatest Utility {freeze, rElec Str-2 Stlth+} (You found it on level 4 of the Dungeon)
  5803 | D:5      | Entered Level 5 of the Dungeon
  5911 | D:5      | Reached skill level 5 in Axes
  6311 | D:5      | Noticed a water moccasin
  6330 | D:5      | Gained mutation: Potions are less effective at restoring your health. [potion of mutation]
  6330 | D:5      | Gained mutation: You have large cloven feet. [potion of mutation]
  6330 | D:5      | Gained mutation: You are resistant to hostile enchantments. (MR+) [potion of mutation]
  6330 | D:5      | Gained mutation: You have a beak for a mouth. [potion of mutation]
  6341 | D:5      | HP: 1/55 [water moccasin (8)]
  6342 | D:5      | Killed a water moccasin
  6342 | D:5      | Reached XP level 8. HP: 1/61 MP: 11/11
  6976 | D:5      | Found a shadowy altar of Dithmenos.
  7200 | D:6      | Found Moocatul's Food Shop.
  7240 | D:6      | Found Waatodef's Food Shoppe.
  7329 | D:6      | Found Uddemn's Gadget Emporium.
  7343 | D:6      | Reached skill level 5 in Fighting
  7343 | D:6      | Reached skill level 6 in Axes
  7424 | D:6      | Found Kefocaum's Armour Emporium.
  7543 | D:6      | Found a staircase to the Ecumenical Temple.
  7668 | D:6      | Found Qaacu's General Store.
  7792 | D:6      | Reached skill level 5 in Invocations
  8210 | D:7      | Found a shattered altar of Ashenzari.
  8213 | D:7      | Noticed Joseph
  8468 | D:7      | Shot with a sling bullet by Joseph

Vault maps used:
D:1:      giann_horns
D:2:      overflow_temple_1_default, first_ration
D:3:      nemelex_xobeh_ov_fountains_minmay,
          chequers_temple_overflow_statue_of_worship, serial_forest,
          infiniplex_forest_end_1, infiniplex_forest_end_2,
          infiniplex_forest_lined_room_3, infiniplex_forest_clump_double,
          infiniplex_forest_end_2, lightli_corner_chamber
D:4:      kennysheep_mini, uniq_eustachio
D:5:      nicolae_dithmenos_the_darkroom, wad_floor_pattern_untrapped
D:6:      temple_statues, serial_shops, shop, shop, nicolae_shop_behind_doors,
          shop, shop_fountains
D:7:      minmay_opposing_rooms, lemuel_doored_altar, uniq_joseph, uniq_menkaure
Abyss:1:  serial_sigils_hangedman_quiver

Skill      XL: |  1  2  3  4  5  6  7  8 |
---------------+-------------------------+-----
Axes           | 3 4 5 6 |  6.6
Invocations    | 3 4 5 |  5.2
Armour         | 3 4 |  4.8
Fighting       | 4 5 |  5.3
Dodging        | |  1.0

Action                   |  1- 3 |  4- 6 |  7- 9 || total
-------------------------+-------+-------+-------++-------
Melee: Hand axe          |    66 |       |       ||    66
       Dagger            |    17 |   151 |       ||   168
       Trident           |       |     6 |       ||     6
       Rapier            |       |    10 |   172 ||   182
       Peck              |       |       |    19 ||    19
Invok: Depart the Abyss  |     1 |       |       ||     1
  Use: Scroll            |     5 |     2 |     2 ||     9
       Potion            |       |     3 |     5 ||     8
 Stab: Sleeping          |       |       |     1 ||     1
  Eat: Chunk             |     4 |    10 |     5 ||    19
       Ration            |       |       |     1 ||     1
Armor: Leather armour    |    20 |    47 |    52 ||   119
Dodge: Dodged            |    63 |    62 |    47 ||   172
Block: Large shield      |       |    73 |   129 ||   202

Table legend:
 A = Spawn XP
 B = Non-spawn XP
 C = Spawn XP percentage of total XP
 D = Spawn monster count
 E = Non-spawn monster count
 F = Spawn count percentage of total count
 G = Total turns spent on level
                    A         B        C        D         E        F      G
               +---------+---------+-------+---------+---------+-------+---------
         Total |       0 |    1813 |   0.0 |       0 |     112 |   0.0 |  8468
               +---------+---------+-------+---------+---------+-------+---------
           D:1 |       0 |      77 |   0.0 |       0 |      33 |   0.0 |  2527
           D:2 |       0 |      69 |   0.0 |       0 |      19 |   0.0 |   993
           D:3 |       0 |     113 |   0.0 |       0 |      23 |   0.0 |  1544
           D:4 |       0 |     397 |   0.0 |       0 |      12 |   0.0 |   923
           D:5 |       0 |     524 |   0.0 |       0 |      13 |   0.0 |  1117
           D:6 |       0 |     530 |   0.0 |       0 |      10 |   0.0 |  1015
           D:7 |       0 |     103 |   0.0 |       0 |       2 |   0.0 |   301
               +---------+---------+-------+---------+---------+-------+---------
